AoeStats
← jairogut

Arabia

510388207Analyzed
2v2 RM · 1d ago on Sep 30, 2026· 49m 37s· 4 players
Game mode
Random Map
Map size
Medium (4 player)
Population
200
Speed
Normal
Resources
Standard
Victory
Conquest
Starting age
Dark Age
Ending age
Imperial Age
RankedLock teamsTeams togetherTeam positionsShared explorationLock speedFull tech treeHidden civsTurbo modeCheats
Victory
Defeat
🇦🇹 Lithuanians · Austria
1220
+18
1219
+17
🇳🇱 Vietnamese · Netherlands
1271
-18
🇨🇴 Teutons · Colombia
1250
-17
jairogut
6:40 Loom
11:09 Feudal Age
15:26 Scale Barding Armor
17:17 Forging
19:47 Wheelbarrow
19:47 Bloodlines
24:59 Castle Age
23:22 Scale Mail Armor
23:15 Double-Bit Axe
25:28 Fletching
25:31 Pikeman
29:57 Chain Mail Armor
30:05 Chain Barding Armor
30:18 Bodkin Arrow
37:10 Iron Casting
41:50 Horse Collar
42:05 Man-at-Arms
42:31 Gambesons
45:15 Chain Mail Armor
49:18 Long Swordsman
TwentyTwo22
12:24 Feudal Age
16:56 Castle Age
14:42 Loom
16:17 Scale Barding Armor
16:23 Gold Mining
17:38 Loom
18:43 Horse Collar
22:33 Double-Bit Axe
24:56 Fletching
26:03 Bodkin Arrow
26:39 Stone Mining
29:01 Wheelbarrow
28:38 Bow Saw
31:05 Padded Archer Armor
31:31 Town Watch
32:02 Hand Cart
32:07 Leather Archer Armor
32:51 Stone Shaft Mining
35:03 Ballistics
41:00 Imperial Age
40:20 Masonry
42:41 Chemistry
42:00 Bracer
43:07 Ring Archer Armor
42:44 Elite Rattan Archer
47:20 Bloodlines
47:11 Husbandry
Bio-Kichererbsen genussfertig
6:30 Loom
9:11 Feudal Age
9:48 Double-Bit Axe
11:26 Horse Collar
14:44 Fletching
20:28 Castle Age
20:31 Crossbowman
23:33 Bodkin Arrow
24:29 Padded Archer Armor
25:50 Bow Saw
27:12 Leather Archer Armor
27:13 Town Watch
29:55 Ballistics
29:53 Scale Mail Armor
30:07 Forging
32:44 Thumb Ring
33:43 Elite Skirmisher
37:02 Heavy Plow
42:11 Imperial Age
43:53 Chemistry
42:26 Arbalester
44:01 Wheelbarrow
44:54 Bracer
46:32 Ring Archer Armor
50:10 Two-Man Saw
49:24 Torsion Engines
AlproProteinPudding
6:34 Loom
9:04 Feudal Age
10:09 Double-Bit Axe
19:44 Castle Age
18:02 Horse Collar
18:29 Scale Mail Armor
18:37 Scale Barding Armor
18:42 Forging
19:36 Bloodlines
20:44 Husbandry
22:04 Bow Saw
24:37 Chain Barding Armor
28:49 Wheelbarrow
31:00 Iron Casting
33:30 Town Watch
34:00 Hand Cart
43:02 Imperial Age
40:55 Ballistics
40:31 Murder Holes
42:01 Light Cavalry
43:49 Winged Hussar
46:10 Plate Barding Armor
47:37 Cavalier
49:59 Two-Man Saw
Connection lost

Rejoining the realm…

Still unreachable

The connection could not be restored.

Session expired

The server has moved on; the page needs a fresh start.